cohdb
Replays
Latest Replays
All Replays
Popular Replays
Top Player Replays
Match Explorer
How It Works
Community
CoH3 Stats
Reddit
Sign in to upload your games and track your stats! →
Sign in with Steam
Match 42164267
Unlisted
Match 42164267
Overview
Messages
Build Orders
End
Vickers Machine Gun Team
Construct Section Command Post
Selects Canadian Shock Battlegroup
Infantry Section
Royal Engineer Section
ML 3-inch Mortar Team
Construct Platoon Command Post
CMP 15cwt Truck
6-pounder Anti-tank Gun Team
Selects Incendiary Munitions
Construct Company Command Post
Selects Pyrotechnics
Matilda II Heavy Tank
Selects Attacking Spirit
Selects Canadian Shock Section
Royal Engineer Section
Matilda II Heavy Tank
Selects Smoke Operation
CMP 15cwt Truck
Crusader II Medium Tank
Infantry Training
Foot Guards Section
Crusader II Medium Tank
Selects Demolition Engineering
Smoke Operation
Crusader II Medium Tank
Demolition Engineering
Matilda II Heavy Tank
Matilda II Heavy Tank
Infantry Section
Matilda II Heavy Tank
Matilda II Heavy Tank
ItsBrettos
vonAJ
E<F
ArcherElven
wilkom
V1rus
StarMinD
Aleloons
0
0
Comments
sign in to comment!
No comments posted yet!